 Dungeon Crawl Stone Soup version 0.29.1-13-g9f3cf754e1 (webtiles) character file.

Game seed: 15977657941860735781

3 wolfrpgdude the Covered (level 1, -1/18 HPs)
             Began as a Human Fighter on Feb 4, 2023.
             Slain by a frilled lizard (2 damage)
             ... on level 1 of the Dungeon.
             The game lasted 00:00:22 (192 turns).

wolfrpgdude the Covered (Human Fighter)              Turns: 192, Time: 00:00:23

Health: -1/18      AC:  6    Str: 16    XL:     1   Next: 55%
Magic:  1/1        EV:  8    Int:  8    God:
Gold:   17         SH:  4    Dex: 12    Spells: 0/0 levels left

rFire   . . .      SeeInvis .   e - +1 flail (holy)
rCold   . . .      Faith    .   c - +0 buckler
rNeg    . . .      Spirit   .   b - +0 scale mail
rPois   .          Reflect  .   (no helmet)
rElec   .          Harm     .   (no cloak)
rCorr   .          Rampage  .   (no gloves)
Will    .....                   (no boots)
Stlth   ..........              (no amulet)
HPRegen 0.06/turn               (no ring)
MPRegen 0.07/turn               (no ring)

@: no status effects
A: no striking features
a: no special abilities


You were on level 1 of the Dungeon.
You visited 1 branch of the dungeon, and saw 1 of its levels.

You collected 17 gold pieces.

Inventory:

Hand Weapons
 a - a +0 long sword
 e - a +1 flail of holy wrath (weapon)
Armour
 b - a +0 scale mail (worn)
 c - a +0 buckler (worn)
Scrolls
 f - a scroll of enchant armour {unknown}
Potions
 d - a potion of might
 g - a potion of flight {unknown}
 h - a potion of mutation {unknown}


   Skills:
 + Level 3.0 Fighting
 + Level 2.0 Long Blades
 + Level 3.1 Armour
 + Level 3.1 Shields


You couldn't memorise any spells.
You didn't know any spells.
Your spell library was empty.

Dungeon Overview and Level Annotations

Branches:
Dungeon (1/15)

Altars:

Shops:
D:1 [


Message History

A frilled lizard comes into view.
The frilled lizard hisses angrily.
An endoplasm comes into view.
The endoplasm quivers.
A hobgoblin comes into view.
Found a scroll labelled IFRO XO ITICO.
The endoplasm closely misses you.
You barely miss the endoplasm.
The endoplasm hits you but does no damage.
You hit the endoplasm but do no damage. The endoplasm freezes you.
You are frozen.
You hit the endoplasm.
The endoplasm is severely wounded.
The endoplasm barely misses you. The frilled lizard closely misses you.
You block the endoplasm's attack. The endoplasm freezes you.
You are frozen.
You hit the endoplasm.
You kill the endoplasm!
The frilled lizard bites you but does no damage.
The endoplasm barely misses you.
You hit the endoplasm.
The endoplasm is almost dead.
The frilled lizard completely misses you.
The endoplasm freezes you.
You are frozen.
The endoplasm freezes you.
You are frozen.
* * * LOW HITPOINT WARNING * * *
The frilled lizard bites you but does no damage.
The hobgoblin hits you.
* * * LOW HITPOINT WARNING * * *
You hit the endoplasm but do no damage.
The endoplasm is almost dead.
The hobgoblin completely misses you. The frilled lizard barely misses you.
The endoplasm completely misses you.
You hit the endoplasm.
You kill the endoplasm!
The hobgoblin barely misses you. The frilled lizard bites you.
You die...

.........†.......#
..#.......##........#
#...#...............#
##.$#..###..........####
......# #..............
#..#...###..#.##........
#...∩..............[....
#....................†..
#...@................
##.lg.####.#.........
........# #.#.........
........## #.##........
........# #.###.......
........# #.# #######.
?..$....# #.# ##
........# #.. ...


You could see a hobgoblin and a frilled lizard.

Vanquished Creatures
  2 endoplasms (D:1)
  2 frilled lizards (D:1)
  A rat (D:1)
5 creatures vanquished.

Notes
Turn   | Place    | Note
-------+----------+-------------------------------------------
     0 | D:1      | wolfrpgdude the Human Fighter began the quest for the Orb.
     0 | D:1      | Reached XP level 1. HP: 18/18 MP: 1/1
   181 | D:1      | Found Veik's Armour Shoppe.
   192 | D:1      | Slain by a frilled lizard

Illustrated notes

Levels and vault maps discovered:
D:1:      dpeg_arrival_rooms_with_view, layout_rooms, serial_shops, shop,
          columned_hall_lemuel, nrook_loot_triangle

Action                   || total
-------------------------++-------
Melee: Flail             ||    12
       Long sword        ||     1
Armor: Scale mail        ||     4
Dodge: Dodged            ||    11
Block: Buckler           ||     2
